 Dungeon Sprint DCSS version 0.23.0 (webtiles) character file.

Game seed: 7899832111010632344

126200000 Fang the Conqueror (level 27, 76/249 HPs)
             Began as a Demonspawn Gladiator on Feb 11, 2019.
             Was the Champion of Makhleb.
             Escaped with the Orb!
             The game lasted 00:06:27 (631 turns).

Fang the Conqueror (Demonspawn Gladiator)            Turns: 631, Time: 00:06:27

Health: 76/249     AC:  6    Str: 26    XL:     27
Magic:  54/54      EV: 36    Int: 10    God:    Makhleb [******]
Gold:   0          SH:  0    Dex: 16    Spells: 80/80 levels left

rFire    + . .     SeeInvis +   l - +∞ Axe of Woe
rCold    . . .     Gourm    .   (shield currently unavailable)
rNeg     . . .     Faith    .   b - +0 leather armour
rPois    .         Spirit   .   (helmet unavailable)
rElec    .         Reflect  .   (no cloak)
rCorr    .         Harm     .   (no gloves)
MR       ++...     NoTele   +   (no boots)
Stlth    +++.......             (no amulet)
HPRegen  0.51/turn              x - ring of see invisible
MPRegen  0.34/turn              (no ring)

@: hasted, repel missiles, very quick
A: horns 3, repulsion field 3, fire resistance 1, hurl damnation, powered by
death 3, spiny 3, flame cloud immunity
0: Orb of Zot
a: Hurl Damnation, Minor Destruction, Lesser Servant of Makhleb, Major
Destruction, Greater Servant of Makhleb, Renounce Religion


You escaped.
You worshipped Makhleb.
Makhleb was exalted by your worship.
You were not hungry.

You visited 1 branch

Inventory:

Hand Weapons
 a - a +0 war axe
 l - the +∞ Axe of Woe (weapon)
   (You found it in the Dungeon)
Missiles
 d - 3 throwing nets (quivered)
Armour
 b - a +0 leather armour (worn)
 c - a +0 helmet
Jewellery
 m - a +30 ring of slaying
 n - a +30 ring of slaying
 o - a +30 ring of slaying
 p - a +30 ring of slaying
 q - a +30 ring of slaying
 r - a +30 ring of slaying
 s - a +100 ring of slaying
 t - a +30 ring of slaying
 u - a +30 ring of slaying
 v - a +30 ring of slaying
 w - a +30 ring of slaying
 x - a ring of see invisible (left hand)
 y - a +30 ring of slaying
 z - a +30 ring of slaying
 A - a +30 ring of slaying
 B - a +30 ring of slaying
 C - a +30 ring of slaying
 D - a +30 ring of slaying
 E - a +30 ring of slaying
 F - a +30 ring of slaying
 G - a +30 ring of slaying
 H - a +30 ring of slaying
 I - a +30 ring of slaying
 J - a +30 ring of slaying
 K - a +30 ring of slaying
 L - a +30 ring of slaying
 M - a +200 ring of slaying
 N - a +30 ring of slaying
 O - a +30 ring of slaying
 P - a +30 ring of slaying
 Q - a +30 ring of slaying
 R - a +30 ring of slaying
 S - a +30 ring of slaying
 T - a +30 ring of slaying
 U - a +30 ring of slaying
 W - a +30 ring of slaying
 X - a +30 ring of slaying
 Y - a +30 ring of slaying
Scrolls
 k - a scroll of blinking
Potions
 i - 2 potions of magic
 j - a potion of berserk rage
Comestibles
 f - a ration
 V - 6 chunks of flesh


   Skills:
 O Level 27 Fighting
 O Level 27 Axes
 O Level 27 Throwing
 O Level 27 Armour
 O Level 27 Dodging
 O Level 27 Stealth
 O Level 27 Unarmed Combat
 O Level 27 Spellcasting
 O Level 27 Invocations


You had 80 spell levels left.
You didn't know any spells.
Your spell library was empty.

Dungeon Overview and Level Annotations

Branches:
Dungeon (1/1)

Altars:
Makhleb


Innate Abilities, Weirdness & Mutations

You have a pair of large horns on your head.
You are surrounded by a strong repulsion field. (EV +4, RMsl)
Your flesh is heat resistant. (rF+)
You can hurl damnation.
You regenerate a lot of health from kills.
You are completely covered in sharp spines.
You are immune to clouds of flame.


Message History

The bag of meat is engulfed in blazing flames.
The bag of meat is struck by your spines.
The bag of meat hits you but does no damage.
The bag of meat is engulfed in blazing flames. x2
You hear a shout!
The bag of meat is engulfed in blazing flames.
You hear a shout!
The bag of meat hits you but does no damage.
The bag of meat is engulfed in blazing flames.
A ynoxinul comes into view.
You hear a shout! x2
The bag of meat is engulfed in blazing flames.
There is a staircase leading out of the dungeon, spattered with blood here.
Items here: )) == a +9 war axe; a +30 ring of slaying; a +9 war axe; a +30 ring of slaying The Tzitzimitl is engulfed in blazing flames.
The bag of meat is struck by your spines.
The bag of meat hits you with a +9 war axe!
You hear a shout!
You have escaped!

....))......)))).................
..#).........))).).)............
)).#........#.))).).#...).......
......#.....#.3.))).#..)).......
...#......###..).)))###)).......
...............###)))))))......#
4......#........_))).)))........
.....#.......#)...)#)))....#.#..
###4.........#_o@)_#............
#....#.......#)oo).#......#.#.#
.......#.....41§_...............
○............§§###.........#.#o#
☼§........###☼§.....###....... .
............#.......# .......o.
.........o..#.......#
...#.................
..#%#.#...............


You could see a Tzitzimitl, a rust devil, a ynoxinul (wandering) and 3 bags of
meat.

Vanquished Creatures
  Dispater (D)
  4 vampire knights (D)
  24 ogres (D)
  6 two-headed ogres (D)
  139 orcs (D)
174 creatures vanquished.

Notes
Turn   | Place    | Note
-------+----------+-------------------------------------------
     0 | D        | Found the +∞ Axe of Woe
     0 | D        | Fang the Demonspawn Gladiator began the quest for the Orb.
     0 | D        | Reached XP level 1. HP: 16/16 MP: 1/1
     4 | D        | Became a worshipper of Makhleb the Destroyer
     5 | D        | Noticed a bag of meat
     5 | D        | Noticed a bag of meat
     5 | D        | Noticed a bag of meat
     7 | D        | Noticed a bag of meat
     7 | D        | Noticed a bag of meat
    10 | D        | Killed a bag of meat
    10 | D        | Gained mutation: You have a pair of small horns on your
                  | head. [demonic ancestry]
    10 | D        | Reached XP level 2. HP: 43/43 MP: 2/2
    10 | D        | Reached XP level 3. HP: 49/49 MP: 3/3
    10 | D        | Gained mutation: You are surrounded by a mild repulsion
                  | field. (EV +2) [demonic ancestry]
    10 | D        | Reached XP level 4. HP: 56/56 MP: 4/4
    10 | D        | Gained mutation: You are surrounded by a moderate repulsion
                  | field. (EV +3) [demonic ancestry]
    10 | D        | Reached XP level 5. HP: 62/62 MP: 5/5
    10 | D        | Gained mutation: You are surrounded by a strong repulsion
                  | field. (EV +4, RMsl) [demonic ancestry]
    10 | D        | Reached XP level 6. HP: 69/69 MP: 6/6
    10 | D        | Reached XP level 7. HP: 75/75 MP: 7/7
    10 | D        | Reached XP level 8. HP: 82/82 MP: 8/8
    10 | D        | Gained mutation: You are partially covered in sharp spines.
                  | [demonic ancestry]
    10 | D        | Reached XP level 9. HP: 88/88 MP: 9/9
    10 | D        | Gained mutation: You regenerate a little health from kills.
                  | [demonic ancestry]
    10 | D        | Reached XP level 10. HP: 95/95 MP: 10/10
    10 | D        | Gained mutation: You regenerate health from kills. [demonic
                  | ancestry]
    10 | D        | Reached XP level 11. HP: 101/101 MP: 11/11
    10 | D        | Noticed a bag of meat
    11 | D        | Killed a bag of meat
    11 | D        | Reached * piety under Makhleb
    11 | D        | Reached skill level 15 in Axes
    11 | D        | Reached skill level 15 in Throwing
    11 | D        | Reached skill level 15 in Dodging
    11 | D        | Gained mutation: You have a pair of horns on your head.
                  | [demonic ancestry]
    11 | D        | Reached XP level 12. HP: 113/113 MP: 12/12
    11 | D        | Noticed a bag of meat
    12 | D        | Killed a bag of meat
    12 | D        | Gained mutation: You have a pair of large horns on your
                  | head. [demonic ancestry]
    12 | D        | Reached XP level 13. HP: 97/122 MP: 13/13
    12 | D        | Killed a bag of meat
    12 | D        | Reached XP level 14. HP: 106/133 MP: 14/14
    12 | D        | Noticed a meat berserker
    12 | D        | Noticed a bag of meat
    14 | D        | Killed a bag of meat
    14 | D        | Reached ** piety under Makhleb
    14 | D        | Noticed a bag of meat
    15 | D        | Noticed a bag of meat
    16 | D        | Noticed a large bag of meat
    17 | D        | Killed a meat berserker
    17 | D        | Gained mutation: You are mostly covered in sharp spines.
                  | [demonic ancestry]
    17 | D        | Reached XP level 15. HP: 122/146 MP: 15/15
    17 | D        | Noticed a meat berserker
    17 | D        | Noticed a meat berserker
    19 | D        | Reached *** piety under Makhleb
    19 | D        | Gained mutation: You regenerate a lot of health from kills.
                  | [demonic ancestry]
    19 | D        | Reached XP level 16. HP: 143/157 MP: 16/16
    21 | D        | Reached **** piety under Makhleb
    21 | D        | Reached XP level 17. HP: 169/169 MP: 17/17
    22 | D        | Killed a meat berserker
    23 | D        | Killed a large bag of meat
    23 | D        | Reached skill level 27 in Fighting
    23 | D        | Gained mutation: Your flesh is heat resistant. (rF+)
                  | [demonic ancestry]
    23 | D        | Reached XP level 18. HP: 165/182 MP: 18/18
    23 | D        | Killed a meat berserker
    23 | D        | Reached skill level 27 in Axes
    23 | D        | Reached skill level 27 in Throwing
    23 | D        | Reached skill level 27 in Dodging
    23 | D        | Reached skill level 5 in Armour
    23 | D        | Reached skill level 5 in Unarmed Combat
    23 | D        | Reached skill level 5 in Spellcasting
    24 | D        | Noticed a meat berserker
    26 | D        | Noticed a meat berserker
    27 | D        | Killed a meat berserker
    27 | D        | Reached skill level 10 in Armour
    27 | D        | Reached skill level 10 in Unarmed Combat
    27 | D        | Reached skill level 10 in Spellcasting
    27 | D        | Reached XP level 19. HP: 189/189 MP: 18/33
    27 | D        | Reached ***** piety under Makhleb
    28 | D        | Killed a meat berserker
    28 | D        | Reached skill level 15 in Stealth
    28 | D        | Reached skill level 15 in Armour
    28 | D        | Reached skill level 15 in Unarmed Combat
    28 | D        | Reached skill level 15 in Spellcasting
    29 | D        | Noticed a meat berserker
    31 | D        | Gained mutation: You are completely covered in sharp
                  | spines. [demonic ancestry]
    31 | D        | Reached XP level 20. HP: 197/197 MP: 19/41
    31 | D        | Noticed a large bag of meat
    33 | D        | Reached ****** piety under Makhleb
    33 | D        | Reached skill level 27 in Invocations
    34 | D        | Gained mutation: You are immune to clouds of flame.
                  | [demonic ancestry]
    34 | D        | Reached XP level 21. HP: 204/204 MP: 20/46
    39 | D        | Reached XP level 22. HP: 212/212 MP: 21/50
    39 | D        | Reached skill level 27 in Stealth
    41 | D        | Killed a large bag of meat
    42 | D        | Reached skill level 27 in Armour
    42 | D        | Reached skill level 27 in Unarmed Combat
    42 | D        | Reached skill level 27 in Spellcasting
    45 | D        | Reached XP level 23. HP: 219/219 MP: 22/54
    48 | D        | Noticed a destroyer
    50 | D        | Gained mutation: You can hurl damnation. [demonic ancestry]
    50 | D        | Reached XP level 24. HP: 227/227 MP: 24/54
    53 | D        | Killed a destroyer
    57 | D        | Reached XP level 25. HP: 234/234 MP: 26/54
    61 | D        | Reached XP level 26. HP: 242/242 MP: 27/54
    78 | D        | Reached XP level 27. HP: 249/249 MP: 32/54
    91 | D        | Noticed a destroyer
    97 | D        | Killed a destroyer
   135 | D        | Noticed a destroyer
   141 | D        | Killed a destroyer
   150 | D        | Noticed The Meatlord
   278 | D        | Noticed a large bag of meat
   387 | D        | Noticed a large bag of meat
   398 | D        | Killed a large bag of meat
   456 | D        | Noticed a destroyer
   464 | D        | Killed a destroyer
   584 | D        | Killed a large bag of meat
   585 | D        | Paralysed by accursed screaming for 1 turns
   589 | D        | Killed The Meatlord
   590 | D        | Got the Orb of Zot
   603 | D        | Noticed a large bag of meat
   606 | D        | Killed a large bag of meat
   617 | D        | Noticed a large bag of meat
   622 | D        | Killed a large bag of meat
   631 | D        | Escaped with the Orb!

Skill      XL: |  1  2  3  4  5  6  7  8  9 10 11 12 13 14 15 16 17 18 19 20 21 22 |
---------------+-------------------------------------------------------------------+-----
Fighting       | 14 16 18 19 22 23 25 27 | 27.0
Axes           | 13 15 17 18 20 22 23 26 27 | 27.0
Throwing       | 13 15 16 18 20 21 23 26 27 | 27.0
Dodging        | 13 15 17 18 20 22 23 26 27 | 27.0
Armour         | 10 17 21 24 27 | 27.0
Stealth        | 11 18 22 26 27 | 27.0
Unarmed Combat | 10 17 21 24 27 | 27.0
Spellcasting   | 10 17 21 24 27 | 27.0
Invocations    | 14 22 27 | 27.0

Action                   |  1- 3 |  4- 6 |  7- 9 | 10-12 | 13-15 | 16-18 | 19-21 | 22-24 | 25-27 || total
-------------------------+-------+-------+-------+-------+-------+-------+-------+-------+-------++-------
Melee: Executioner's axe |     1 |       |       |     2 |     4 |     5 |    10 |    11 |   102 ||   135
  Use: Potion            |       |       |       |       |       |       |       |       |     3 ||     3
Armor: Leather armour    |       |       |       |       |       |       |       |       |     3 ||     3
Dodge: Dodged            |       |       |       |     1 |       |       |     2 |       |    20 ||    23
